 Dungeon Sprint DCSS version 0.21.1-1-g345015f (webtiles) character file.

3400000 Fang the Axe Maniac (level 20, -93/216 HPs)
             Began as a Minotaur Gladiator on May 22, 2018.
             Was a High Priest of Makhleb.
             Annihilated by a destroyer
             ... wielding a +9 great sword of slicing
              (171 damage)
             ... in the Dungeon (Sprint VIII: "Arena of Blood").
             The game lasted 00:00:21 (34 turns).

Fang the Axe Maniac (Minotaur Gladiator)              Turns: 34, Time: 00:00:22

Health: -93/216    AC:  6    Str: 26    XL:     20   Next: 53%
Magic:  18/41      EV: 31    Int:  5    God:    Makhleb [*****.]
Gold:   0          SH:  0    Dex: 14    Spells: 55/55 levels left

rFire    . . .     SeeInvis .   l - +โˆž Axe of Woe
rCold    . . .     Gourm    .   (shield currently unavailable)
rNeg     . . .     Faith    .   b - +0 leather armour
rPois    .         Spirit   .   c - +0 hat
rElec    .         Reflect  .   (no cloak)
rCorr    .         Harm     .   (no gloves)
MR       +....     NoTele   +   (no boots)
Stlth    ++++++++..             (no amulet)
HPRegen  0.46/turn              (no ring)
MPRegen  0.27/turn              (no ring)

@: no status effects
A: retaliatory headbutt, horns 2
a: Minor Destruction, Lesser Servant of Makhleb, Major Destruction, Greater
Servant of Makhleb, Renounce Religion


You were in the Dungeon.
You worshipped Makhleb.
Makhleb was extremely pleased with you.
You were not hungry.

You visited 1 branch

Inventory:

Hand Weapons
 a - a +0 war axe
 l - the +โˆž Axe of Woe (weapon)
   (You found it in the Dungeon)
Missiles
 d - 3 throwing nets (quivered)
Armour
 b - a +0 leather armour (worn)
 c - a +0 hat (worn)
Scrolls
 k - a scroll of blinking
Potions
 e - a potion of curing
 g - a potion of heal wounds
 h - a potion of haste
 i - 2 potions of magic
 j - a potion of berserk rage
Comestibles
 f - a ration


   Skills:
 O Level 27 Fighting
 O Level 27 Axes
 O Level 27 Throwing
 O Level 27 Armour
 O Level 27 Dodging
 + Level 22.5 Stealth
 + Level 25.8 Unarmed Combat
 + Level 18.2 Spellcasting
 + Level 24.1 Invocations


You had 55 spell levels left.
You didn't know any spells.

Dungeon Overview and Level Annotations

Branches:
Dungeon (1/1)

Altars:
Makhleb


Innate Abilities, Weirdness & Mutations

You reflexively headbutt those who attack you in melee.
You have a pair of horns on your head.


Message History

You hear a shout! x4
The destroyer hits you with a +9 great sword of slicing!!!!
Ouch! That really hurt!
The destroyer bites you!
The destroyer draws strength from your injuries!
You hear a shout!
The destroyer blinks!
You hear a shout!
An orc and an ogre come into view.
Things that are here:
a +9 great sword of slicing; a +200 ring of slaying You are too injured to fight recklessly!
Unknown command.
You are too injured to fight recklessly!
Unknown command.
You are too injured to fight recklessly!
You hear a shout! x4
The destroyer hits you with a +9 great sword of slicing!!!!!
Ouch! That really hurt!
You die...

.... ..... ...
#... .o# . #...
..# . ..###...
..###O.
......###oo.....
......_)....... .
#.Vo..# ...
#_.@)_# .
.....#).V).#....
#..O..ยง)._)......
.......o###......
...###... ..###..
.. #... ..# .
#..O. .o# .....
... .o.o.o. ..


You could see 2 destroyers, a meat berserker (berserk) and 6 bags of meat.

Vanquished Creatures
  3 vampire knights (D)
  6 ogres (D)
  8 orcs (D)
17 creatures vanquished.

Notes
Turn   | Place    | Note
-------+----------+-------------------------------------------
     0 | D        | Found the +โˆž Axe of Woe
     0 | D        | Fang the Minotaur Gladiator began the quest for the Orb.
     0 | D        | Reached XP level 1. HP: 18/18 MP: 0/0
     4 | D        | Became a worshipper of Makhleb the Destroyer
     5 | D        | Noticed a bag of meat
     7 | D        | Noticed a bag of meat
     9 | D        | Killed a bag of meat
     9 | D        | Reached skill level 10 in Throwing
     9 | D        | Reached XP level 2. HP: 42/42 MP: 1/1
     9 | D        | Reached XP level 3. HP: 49/49 MP: 2/2
     9 | D        | Reached XP level 4. HP: 57/57 MP: 3/3
     9 | D        | Reached XP level 5. HP: 63/63 MP: 4/4
     9 | D        | Reached XP level 6. HP: 71/71 MP: 5/5
     9 | D        | Reached XP level 7. HP: 78/78 MP: 6/6
     9 | D        | Reached XP level 8. HP: 85/85 MP: 7/7
     9 | D        | Reached XP level 9. HP: 91/91 MP: 8/8
     9 | D        | Reached XP level 10. HP: 99/99 MP: 9/9
     9 | D        | Reached XP level 11. HP: 105/105 MP: 10/10
    11 | D        | Noticed a meat berserker
    11 | D        | Noticed a bag of meat
    11 | D        | Noticed a meat berserker
    12 | D        | Killed a bag of meat
    12 | D        | Reached * piety under Makhleb
    12 | D        | Reached XP level 12. HP: 79/117 MP: 11/11
    13 | D        | Noticed a bag of meat
    14 | D        | Killed a meat berserker
    14 | D        | Reached XP level 13. HP: 88/130 MP: 12/12
    14 | D        | Reached XP level 14. HP: 94/138 MP: 13/13
    15 | D        | Noticed a meat berserker
    16 | D        | Killed a meat berserker
    16 | D        | Reached skill level 27 in Axes
    16 | D        | Reached skill level 27 in Dodging
    16 | D        | Reached XP level 15. HP: 106/156 MP: 14/14
    17 | D        | Noticed a meat berserker
    17 | D        | Reached ** piety under Makhleb
    19 | D        | Noticed a meat berserker
    19 | D        | Killed a meat berserker
    19 | D        | Reached XP level 16. HP: 179/182 MP: 15/15
    21 | D        | Noticed a destroyer
    21 | D        | Reached skill level 27 in Fighting
    22 | D        | Noticed a meat berserker
    22 | D        | Noticed a large bag of meat
    22 | D        | Killed a meat berserker
    22 | D        | Reached *** piety under Makhleb
    22 | D        | Reached skill level 27 in Throwing
    22 | D        | Reached XP level 17. HP: 170/191 MP: 16/16
    23 | D        | Noticed a destroyer
    24 | D        | Killed a meat berserker
    24 | D        | Reached skill level 27 in Armour
    25 | D        | Killed a destroyer
    25 | D        | Reached **** piety under Makhleb
    25 | D        | Reached skill level 10 in Spellcasting
    25 | D        | Reached XP level 18. HP: 200/200 MP: 16/31
    26 | D        | Noticed a destroyer
    26 | D        | Killed a destroyer
    26 | D        | Reached XP level 19. HP: 207/207 MP: 16/34
    28 | D        | Killed a meat berserker
    28 | D        | Reached skill level 15 in Spellcasting
    28 | D        | Killed a destroyer
    28 | D        | Reached XP level 20. HP: 216/216 MP: 16/40
    29 | D        | Noticed a destroyer
    30 | D        | Noticed a large bag of meat
    30 | D        | Noticed a destroyer
    31 | D        | Reached ***** piety under Makhleb
    32 | D        | Noticed a meat berserker
    34 | D        | Noticed a meat berserker
    34 | D        | Annihilated by a destroyer

Skill      XL: |  1  2  3  4  5  6  7  8  9 10 11 12 13 14 15 16 17 18 19 20 |
---------------+-------------------------------------------------------------+-----
Fighting       | 12 14 16 20 26 27 | 27.0
Axes           | 20 23 26 27 | 27.0
Throwing       | 10 11 13 16 21 27 | 27.0
Dodging        | 18 21 24 27 | 27.0
Armour         | 6 17 27 | 27.0
Stealth        | 12 16 21 22 | 22.5
Unarmed Combat | 14 18 24 25 | 25.8
Spellcasting   | 10 12 17 18 | 18.2
Invocations    | 13 17 22 24 | 24.1

Action                   |  1- 3 |  4- 6 |  7- 9 | 10-12 | 13-15 | 16-18 | 19-21 || total
-------------------------+-------+-------+-------+-------+-------+-------+-------++-------
Melee: Executioner's axe |     1 |       |       |     2 |     3 |     5 |     3 ||    14
Armor: Leather armour    |       |       |       |       |       |     1 |       ||     1
Dodge: Dodged            |       |       |       |       |     1 |       |       ||     1
